 Dungeon Crawl Stone Soup version 0.17-a0-2127-g1cb09f6 (webtiles) character file.

590 fredomojojo the Covert (level 7, -7/52 HPs)
             Began as a Vampire Assassin on Oct 23, 2015.
             Mangled by Prince Ribbit (9 damage)
             ... on level 5 of the Dungeon.
             The game lasted 01:11:21 (3068 turns).

fredomojojo the Covert (Vampire Assassin)           Turns: 3068, Time: 01:11:21

Health: -7/52      AC:  5    Str: 10    XL:     7   Next: 15%
Magic:  7/7        EV: 15    Int: 18    God:    Xom [..*...]
Gold:   205        SH:  0    Dex: 21    Spells: 0 memorised, 6 levels left

rFire  . . .     SeeInvis +     h - +0 hunting sling
rCold  . . .     Clarity  .     c - +0 robe
rNeg   + . .     SustAt   .     (no shield)
rPois  .         Gourm    .     (no helmet)
rElec  .         Spirit   .     d - +0 cloak
rCorr  .         Warding  .     D - +0 pair of gloves
rMut   .         Stasis   .     l - +0 pair of boots
MR     .....                    (no amulet)
Stlth  +++++.....               q - +3 ring of dexterity
                                j - ring of wizardry

@: brilliant, not resistant to hostile enchantments, quite stealthy
A: fangs 3, see invisible, unbreathing
a: Bat Form, Renounce Religion


You were on level 5 of the Dungeon.
You worshipped Xom.
You were a toy of Xom.
You were not thirsty.

You visited 1 branch of the dungeon, and saw 5 of its levels.
You also visited: Sewer.

You collected 205 gold pieces.

Inventory:

Hand Weapons
 a - a +2 dagger
 b - a +0 blowgun
 h - a +0 hunting sling (weapon)
 z - a +2 mace of protection
Missiles
 e - 4 poisoned needles
 f - 2 curare-tipped needles
 k - 24 stones (quivered)
 w - 25 arrows
 C - a throwing net
Armour
 c - a +0 robe (worn)
 d - a +0 cloak (worn)
 l - a +0 pair of boots (worn)
 D - a +0 pair of gloves (worn)
Jewellery
 j - a ring of wizardry (left hand)
 q - a +3 ring of dexterity (right hand)
Wands
 B - a wand of disintegration (15)
Scrolls
 m - 2 scrolls of remove curse
 n - a scroll of amnesia {unknown}
 p - 2 scrolls of teleportation {unknown}
 s - a scroll of magic mapping {unknown}
 t - a scroll of fog {unknown}
 u - a scroll of random uselessness {unknown}
 v - a scroll of enchant weapon {unknown}
 y - a scroll of identify {unknown}
 A - a scroll of recharging {unknown}
Potions
 g - 14 potions of blood
 i - a potion of degeneration {unknown}
 o - a potion of resistance {unknown}
 r - a potion of curing {unknown}
 x - a potion of ambrosia {unknown}
 F - a potion of invisibility {unknown}
 G - a potion of heal wounds {unknown}
 H - a potion of berserk rage {unknown}
Miscellaneous
 E - a plain deck of changes


   Skills:
 * Level 3.1 Fighting
 * Level 2.7 Short Blades
 + Level 2.7(3.2) Slings
 + Level 2.2(2.9) Throwing
 * Level 3.5 Dodging
 + Level 9.1 Stealth


You had 6 spell levels left.
You didn't know any spells.

Dungeon Overview and Level Annotations

Branches:
Dungeon (5/15)
 Temple: D:4-7

Altars:
Cheibriados
Fedhas
Kikubaaqudgha
Trog
Xom
Zin

Shops:
D:4 :   D:5 *

Annotations:
D:5 Prince Ribbit


Innate Abilities, Weirdness & Mutations

You have razor-sharp teeth.
You have supernaturally acute eyesight.
You can survive without breathing.


Message History

"Go forth and cause havoc, mortal!"
You feel more clever all of a sudden. Prince Ribbit hits you!!
* * * LOW HITPOINT WARNING * * *
Prince Ribbit barely misses you.
Firing (i - inventory. (,) - cycle):
k - 26 stones (quivered)
Press: ? - help, Shift-Dir - straight line, f/p - Prince Ribbit
Aim: Prince Ribbit (heavily wounded)
You shoot a stone. The stone hits Prince Ribbit.
Prince Ribbit is heavily wounded.
Prince Ribbit hits you!
* * * LOW HITPOINT WARNING * * *
Firing (i - inventory. (,) - cycle):
k - 25 stones (quivered)
Press: ? - help, Shift-Dir - straight line, f/p - Prince Ribbit
Aim: Prince Ribbit (heavily wounded)
You shoot a stone.
Prince Ribbit momentarily phases out as the stone passes through him.
Prince Ribbit hits you!
You die...
Xom roars with laughter!

#.# #.##.......#
##.######.##.##.####
##.†.....#.##. #.#
#.....##.#.... ..#
#.###.# ####. ###
#.# #.# # .. #.###.#
.# #.....##.#
###...@...#
#.....F.#.#
#.#.##.%# #∩#...(.#
# ## #.#..##.#.# ..
#.#..##.#.# .##
#..(......# (.
####.##.### (#
#......#####.##.##.


You could see Prince Ribbit.

Vanquished Creatures
  Edmund (D:4)
  Purgy (Sewer)
  A scorpion (D:5)
  A crimson imp (D:5)
  A giant frog skeleton (D:4)
  Terence (D:3)
  An orc wizard (D:4)
  2 worker ants (D:5)
  8 adders
  3 gnolls (D:4)
  An adder zombie (D:5)
  4 worms
  3 giant geckos
  4 orcs
  5 bats
  4 giant cockroaches
  4 goblins
  4 hobgoblins (D:2)
  4 ball pythons
  A giant gecko skeleton (D:4)
  8 giant newts
  11 kobolds
  2 quokka skeletons (D:4)
  8 rats
83 creatures vanquished.

Notes
Turn   | Place    | Note
--------------------------------------------------------------
     0 | D:1      | fredomojojo the Vampire Assassin began the quest for the Orb.
     0 | D:1      | Reached XP level 1. HP: 16/16 MP: 1/1
   194 | D:1      | Reached skill level 6 in Stealth
   279 | D:1      | Reached XP level 2. HP: 22/22 MP: 2/2
   528 | D:2      | Found a blossoming altar of Fedhas.
   907 | D:2      | Reached XP level 3. HP: 24/27 MP: 3/3
  1129 | D:2      | Reached skill level 7 in Stealth
  1269 | D:2      | Found a bloodstained altar of Trog.
  1355 | D:3      | Noticed Terence
  1395 | D:3      | Killed Terence
  1395 | D:3      | Reached XP level 4. HP: 33/33 MP: 4/4
  2012 | D:4      | Reached skill level 1 in Slings
  2044 | D:4      | Reached XP level 5. HP: 12/38 MP: 5/5
  2217 | D:4      | Reached skill level 8 in Stealth
  2260 | D:4      | Noticed Edmund
  2265 | D:4      | Killed Edmund
  2265 | D:4      | Reached XP level 6. HP: 27/46 MP: 6/6
  2421 | D:4      | Found a glowing drain.
  2425 | Sewer    | Entered a sewer
  2518 | Sewer    | Noticed Purgy
  2520 | Sewer    | Killed Purgy
  2605 | D:4      | Found Zeufull's Book Boutique.
  2713 | D:5      | Entered Level 5 of the Dungeon
  2732 | D:5      | Reached skill level 9 in Stealth
  2815 | D:5      | Reached XP level 7. HP: 47/51 MP: 7/7
  2818 | D:5      | Noticed Prince Ribbit
  2900 | D:5      | Found a snail-covered altar of Cheibriados.
  2903 | D:5      | Found a shimmering altar of Xom.
  2909 | D:5      | Found an ancient bone altar of Kikubaaqudgha.
  2910 | D:5      | Found a glowing silver altar of Zin.
  2933 | D:5      | Became a worshipper of Xom of Chaos
  2999 | D:5      | Found Wetad's General Store.
  3061 | D:5      | XOM: potion effect (brilliance)
  3066 | D:5      | XOM: potion effect (brilliance)
  3067 | D:5      | HP: 2/52 [Prince Ribbit (8)]
  3068 | D:5      | Mangled by Prince Ribbit

Vault maps used:
D:1:      lightli_arrival_isolated_outpost, serial_park_tiny_1
D:2:      lemuel_round_altar, lemuel_coloured_pillars_altar,
          minmay_misc_feat_square
D:3:      st_stairs_4, trog_eyes_of_draining, uniq_terence
D:4:      first_bread, serial_shops, nicolae_shop_behind_doors,
          gup_sewer_entry_bowl, minmay_misc_feat_nine_boxes, uniq_edmund
D:5:      lemuel_ratsnest, grunt_temple_overflow_open, serial_shops, shop,
          uniq_prince_ribbit1
Sewer:    kennysheep_door_sewer

Action                   |  1- 3 |  4- 6 |  7- 9 || total
-------------------------+-------+-------+-------++-------
Melee: Dagger            |    56 |    74 |     5 ||   135
       Mace              |       |     6 |       ||     6
 Fire: Blowgun           |    14 |    15 |     7 ||    36
       Hunting sling     |     8 |    53 |    24 ||    85
  Use: Scroll            |     1 |       |       ||     1
       Potion            |     1 |     4 |     1 ||     6
 Stab: Sleeping          |    14 |    16 |     4 ||    34
       Distracted        |     1 |     1 |       ||     2
